3L
HOUSTON 1837 BBC @ NEW AMSTERDAM DUTCHMEN
05/31/2029
 
TOP OF THE 1ST
Houston 1837 BBC batting - Pitching for New Amsterdam Dutchmen : RHP Lorenzo Fabián
Pitching: RHP Lorenzo Fabián
Batting: LHB Damian Delaney 0-0: Called Strike
0-1: Swinging Strike
0-2: Ball
1-2: Ball
2-2: Ground out 4-3 (Groundball, 34)
Batting: LHB Scott Kerin 0-0: Ball
1-0: Foul Ball, location: 2F
1-1: Ball
2-1: Foul Ball, location: 2F
2-2: Ball
3-2: Foul Ball, location: 2F
3-2: Foul Ball, location: 2F
3-2: Foul Ball, location: 2F
3-2: Foul Ball, location: 2F
3-2: Base on Balls
Batting: RHB John Downing 0-0: Ball
1-0: Ball
2-0: Foul Ball, location: 2F
2-1: Foul Ball, location: 2F
2-2: Ball
3-2: SINGLE (Groundball, 6MD)
Scott Kerin to second
Batting: RHB Bob Dickerson 0-0: Called Strike
0-1: Ball
1-1: Fly out, F9 (Line Drive, 9D)
Runner from 2nd tags up, SAFE at 3rd, no throw
Batting: RHB Kumanosuke Abe 0-0: Ball
1-0: Foul Ball, location: 2F
1-1: Foul Ball, location: 2F
1-2: Ball
2-2: Ball
3-2: Ground out 6-3 (Groundball, 6)
Top of the 1st over - 0 runs, 1 hit, 0 errors, 2 left on base; Houston 0 - New Amsterdam 0
BOTTOM OF THE 1ST
New Amsterdam Dutchmen batting - Pitching for Houston 1837 BBC : LHP Alexis Zambaco
Pitching: LHP Alexis Zambaco
Batting: RHB Jon Osterman 0-0: Ball
1-0: Swinging Strike
1-1: SINGLE (Flyball, 78S)
Batting: LHB SaQwan Hackett 0-0: Ball
1-0: Foul Ball, location: 2F
1-1: Ball
2-1: Foul Ball, location: 2F
2-2: Fly out, F3 (Flyball, 3D)
Batting: RHB Enrique Morales 0-0: Ball
1-0: Called Strike
1-1: Ball
2-1: Ball
3-1: SINGLE (Flyball, 78S)
Jon Osterman to second
Runner from 2nd tries for 3rd, SAFE, throw made to third
Batting: RHB António Pérez 0-0: Called Strike
0-1: Ball
1-1: Fielders Choice at 2nd, 6-4 (Groundball, 6)
Jon Osterman scores
Batting: RHB Hank Wilder 0-0: Ball
1-0: Ball
2-0: Foul Ball, location: 2F
2-1: Swinging Strike
2-2: Ground out U3 (Groundball, 34)
Bottom of the 1st over - 1 run, 2 hits, 0 errors, 1 left on base; Houston 0 - New Amsterdam 1
TOP OF THE 2ND
Houston 1837 BBC batting - Pitching for New Amsterdam Dutchmen : RHP Lorenzo Fabián
Batting: LHB Guillermo Arellano 0-0: Foul Ball, location: 2F
0-1: Ball
1-1: Swinging Strike
1-2: Strikes out swinging
Batting: RHB Rubén Marino 0-0: Ball
1-0: Called Strike
1-1: Ball
2-1: Ground out 5-3 (Groundball, 56)
Batting: RHB David Gómez 0-0: Called Strike
0-1: Ball
1-1: Swinging Strike
1-2: Foul Ball, location: 2F
1-2: Foul Ball, location: 2F
1-2: Ball
2-2: Ground out 5-3 (Groundball, 5S)
Top of the 2nd over - 0 runs, 0 hits, 0 errors, 0 left on base; Houston 0 - New Amsterdam 1
BOTTOM OF THE 2ND
New Amsterdam Dutchmen batting - Pitching for Houston 1837 BBC : LHP Alexis Zambaco
Batting: LHB Félix López 0-0: Ball
1-0: Ball
2-0: Ball
3-0: Called Strike
3-1: Called Strike
3-2: DOUBLE (Flyball, 89XD)
Batting: RHB Ramón Souza 0-0: Called Strike
0-1: Foul Ball, location: 2F
0-2: Strikes out swinging
Batting: RHB Mario Rivera 0-0: Ball
1-0: Ground out 4-3 (Groundball, 4)
Félix López to third
Batting: LHB Cornelius Taitt 0-0: Foul Ball, location: 2F
0-1: SINGLE (Groundball, 34D)
Félix López scores
Batting: RHB Jon Osterman 0-0: Called Strike
0-1: Called Strike
0-2: Ball
1-2: Fly out, F7 (Flyball, 7LS)
Bottom of the 2nd over - 1 run, 2 hits, 0 errors, 1 left on base; Houston 0 - New Amsterdam 2
TOP OF THE 3RD
Houston 1837 BBC batting - Pitching for New Amsterdam Dutchmen : RHP Lorenzo Fabián
Batting: RHB Uchino Akahito 0-0: Called Strike
0-1: Ball
1-1: Ground out U3 (Groundball, 34)
Batting: LHB Damian Delaney 0-0: Called Strike
0-1: Ground out 4-3 (Groundball, 34)
Batting: LHB Scott Kerin 0-0: Ball
1-0: Called Strike
1-1: Foul Ball, location: 2F
1-2: Fly out, F7 (Flyball, 7D)
Top of the 3rd over - 0 runs, 0 hits, 0 errors, 0 left on base; Houston 0 - New Amsterdam 2
BOTTOM OF THE 3RD
New Amsterdam Dutchmen batting - Pitching for Houston 1837 BBC : LHP Alexis Zambaco
Batting: LHB SaQwan Hackett 0-0: Ball
1-0: Ground out 6-3 (Groundball, 6M)
Batting: RHB Enrique Morales 0-0: Ball
1-0: Called Strike
1-1: Fly out, F7 (Flyball, 78S)
Batting: RHB António Pérez 0-0: Called Strike
0-1: Ball
1-1: TRIPLE (Flyball, 78XD)
Batting: RHB Hank Wilder 0-0: Called Strike
0-1: Swinging Strike
0-2: Ball
1-2: Foul Ball, location: 2F
1-2: Ball
2-2: Ball
3-2: Foul Ball, location: 2F
3-2: Strikes out looking
Bottom of the 3rd over - 0 runs, 1 hit, 0 errors, 1 left on base; Houston 0 - New Amsterdam 2
TOP OF THE 4TH
Houston 1837 BBC batting - Pitching for New Amsterdam Dutchmen : RHP Lorenzo Fabián
Batting: RHB John Downing 0-0: Ball
1-0: Foul Ball, location: 2F
1-1: Ground out 6-3 (Groundball, 6)
Batting: RHB Bob Dickerson 0-0: Swinging Strike
0-1: SINGLE (Line Drive, 8LS)
Batting: RHB Kumanosuke Abe 0-0: Ball
1-0: Ball
2-0: Ball
3-0: Called Strike
3-1: Base on Balls
Bob Dickerson to second
Batting: LHB Guillermo Arellano 0-0: Ball
1-0: Grounds into double play, 5-4-3 (Groundball, 5)
Top of the 4th over - 0 runs, 1 hit, 0 errors, 1 left on base; Houston 0 - New Amsterdam 2
BOTTOM OF THE 4TH
New Amsterdam Dutchmen batting - Pitching for Houston 1837 BBC : LHP Alexis Zambaco
Batting: LHB Félix López 0-0: Called Strike
0-1: Ball
1-1: Swinging Strike
1-2: Ball
2-2: Ball
3-2: Ground out 4-3 (Groundball, 34)
Batting: RHB Ramón Souza 0-0: Ball
1-0: Ball
2-0: Ball
3-0: Called Strike
3-1: Base on Balls
Batting: RHB Mario Rivera 0-0: Called Strike
0-1: Foul Ball, location: 2F
0-2: Grounds into double play, 4-6-3 (Groundball, 4M)
Bottom of the 4th over - 0 runs, 0 hits, 0 errors, 0 left on base; Houston 0 - New Amsterdam 2
TOP OF THE 5TH
Houston 1837 BBC batting - Pitching for New Amsterdam Dutchmen : RHP Lorenzo Fabián
Batting: RHB Rubén Marino 0-0: Ball
1-0: Swinging Strike
1-1: Ball
2-1: Ground out 4-3 (Groundball, 4)
Batting: RHB David Gómez 0-0: Foul Ball, location: 2F
0-1: Ground out 6-3 (Groundball, 6)
Batting: RHB Uchino Akahito 0-0: Ball
1-0: Foul Ball, location: 2F
1-1: Ground out 1-3 (Groundball, P)
Top of the 5th over - 0 runs, 0 hits, 0 errors, 0 left on base; Houston 0 - New Amsterdam 2
BOTTOM OF THE 5TH
New Amsterdam Dutchmen batting - Pitching for Houston 1837 BBC : LHP Alexis Zambaco
Batting: LHB Cornelius Taitt 0-0: Foul Ball, location: 2F
0-1: Ball
1-1: Foul Ball, location: 2F
1-2: Strikes out looking
Batting: RHB Jon Osterman 0-0: Ground out 6-3 (Groundball, 6)
Batting: LHB SaQwan Hackett 0-0: Swinging Strike
0-1: Ball
1-1: Ball
2-1: Foul Ball, location: 2F
2-2: Ball
3-2: Fly out, F7 (Line Drive, 7S)
Bottom of the 5th over - 0 runs, 0 hits, 0 errors, 0 left on base; Houston 0 - New Amsterdam 2
TOP OF THE 6TH
Houston 1837 BBC batting - Pitching for New Amsterdam Dutchmen : RHP Lorenzo Fabián
Batting: LHB Damian Delaney 0-0: Called Strike
0-1: Ball
1-1: Ball
2-1: Fly out, F9 (Line Drive, 89M)
Batting: LHB Scott Kerin 0-0: Ball
1-0: Foul Ball, location: 2F
1-1: Fly out, F6 (Line Drive, 56D)
Batting: RHB John Downing 0-0: Called Strike
0-1: Ball
1-1: Foul Ball, location: 2F
1-2: Strikes out swinging, 2-3 out at first.
Top of the 6th over - 0 runs, 0 hits, 0 errors, 0 left on base; Houston 0 - New Amsterdam 2
BOTTOM OF THE 6TH
New Amsterdam Dutchmen batting - Pitching for Houston 1837 BBC : LHP Alexis Zambaco
Batting: RHB Enrique Morales 0-0: Foul Ball, location: 2F
0-1: Ball
1-1: Foul Ball, location: 2F
1-2: Ball
2-2: Ball
3-2: Ground out 6-3 (Groundball, 6)
Batting: RHB António Pérez 0-0: Called Strike
0-1: Ball
1-1: Foul Ball, location: 2F
1-2: Ball
2-2: Strikes out swinging
Pitching: RHP Mike Farrell
Batting: RHB Hank Wilder 0-0: Foul Ball, location: 2F
0-1: Ball
1-1: Called Strike
1-2: Ball
2-2: Strikes out swinging
Bottom of the 6th over - 0 runs, 0 hits, 0 errors, 0 left on base; Houston 0 - New Amsterdam 2
TOP OF THE 7TH
Houston 1837 BBC batting - Pitching for New Amsterdam Dutchmen : RHP Lorenzo Fabián
Batting: RHB Bob Dickerson 0-0: Ball
1-0: Ball
2-0: Fly out, F7 (Flyball, 7)
Batting: RHB Kumanosuke Abe 0-0: Called Strike
0-1: Ball
1-1: Ball
2-1: Called Strike
2-2: Fly out, F8 (Flyball, 78XD)
Batting: LHB Guillermo Arellano 0-0: Called Strike
0-1: Ball
1-1: Ball
2-1: Swinging Strike
2-2: Ball
3-2: Foul Ball, location: 2F
3-2: Foul Ball, location: 2F
3-2: Base on Balls
Batting: RHB Rubén Marino 0-0: Ball
1-0: Called Strike
1-1: Foul Ball, location: 2F
1-2: Ball
2-2: Foul Ball, location: 2F
2-2: Ball
3-2: Base on Balls
Guillermo Arellano to second
Pitching: RHP Carlos Rosales
Batting: RHB David Gómez 0-0: Ball
1-0: Swinging Strike
1-1: Ball
2-1: Fielders Choice at 2nd, 6-4 (Groundball, 6)
Top of the 7th over - 0 runs, 0 hits, 0 errors, 2 left on base; Houston 0 - New Amsterdam 2
BOTTOM OF THE 7TH
New Amsterdam Dutchmen batting - Pitching for Houston 1837 BBC : RHP Mike Farrell
Batting: LHB Félix López 0-0: Called Strike
0-1: Swinging Strike
0-2: Ball
1-2: Ground out 1-3 (Groundball, 13)
Batting: RHB Ramón Souza 0-0: Ball
1-0: Swinging Strike
1-1: Ball
2-1: Ball
3-1: Swinging Strike
3-2: Strikes out looking
Batting: RHB Mario Rivera 0-0: Foul Ball, location: 2F
0-1: Swinging Strike
0-2: Strikes out swinging
Bottom of the 7th over - 0 runs, 0 hits, 0 errors, 0 left on base; Houston 0 - New Amsterdam 2
TOP OF THE 8TH
Houston 1837 BBC batting - Pitching for New Amsterdam Dutchmen : RHP Carlos Rosales
Now at SS: Denis Jerningham
Batting: RHB Uchino Akahito 0-0: Foul Ball, location: 2F
0-1: Ball
1-1: Ball
2-1: Called Strike
2-2: Ball
3-2: Ground out 3-1 (Groundball, 34)
Batting: LHB Damian Delaney 0-0: Called Strike
0-1: Ball
1-1: Called Strike
1-2: Ball
2-2: Fly out, F8 (Flyball, 8LD)
Batting: LHB Scott Kerin 0-0: Called Strike
0-1: Foul Ball, location: 2F
0-2: Ball
1-2: Foul Ball, location: 2F
1-2: Ball
2-2: Ball
3-2: Base on Balls
Batting: RHB John Downing 0-0: Called Strike
0-1: Ball
1-1: Ball
Wild Pitch!
Scott Kerin to second
2-1: Foul Ball, location: 2F
2-2: Ball
3-2: Foul Ball, location: 2F
3-2: Fly out, F8 (Flyball, 8LS)
Top of the 8th over - 0 runs, 0 hits, 0 errors, 1 left on base; Houston 0 - New Amsterdam 2
BOTTOM OF THE 8TH
New Amsterdam Dutchmen batting - Pitching for Houston 1837 BBC : RHP Mike Farrell
Batting: LHB Cornelius Taitt 0-0: SINGLE (Flyball, 7S)
Batting: RHB Jon Osterman 0-0: Ball
1-0: Ball
2-0: Foul Ball, location: 2F
2-1: Ball
3-1: Base on Balls
Cornelius Taitt to second
Batting: LHB SaQwan Hackett 0-0: Called Strike
0-1: Ball
1-1: Ball
2-1: Fielders Choice at 2nd, 3-6 (Groundball, 3D)
Cornelius Taitt to third
Pitching: RHP Jack Carr
Batting: RHB Enrique Morales 0-0: Ball
1-0: SINGLE (Groundball, 56) (infield hit)
Cornelius Taitt scores
SaQwan Hackett to second
Batting: RHB António Pérez 0-0: Ball
1-0: Ball
2-0: Called Strike
2-1: SINGLE (Groundball, 6MD)
SaQwan Hackett to third
Enrique Morales to second
Batting: LHB Denis Jerningham 0-0: Ball
1-0: Called Strike
1-1: Ball
2-1: Ball
3-1: Fly out, F7 (Flyball, 7)
Runner from 3rd tags up, SCORES, throw made
Batting: LHB Félix López 0-0: Swinging Strike
0-1: Foul Ball, location: 2F
0-2: Strikes out looking
Bottom of the 8th over - 2 runs, 3 hits, 0 errors, 2 left on base; Houston 0 - New Amsterdam 4
TOP OF THE 9TH
Houston 1837 BBC batting - Pitching for New Amsterdam Dutchmen : RHP Carlos Rosales
Batting: RHB Bob Dickerson 0-0: Ball
1-0: Foul Ball, location: 2F
1-1: Swinging Strike
1-2: Strikes out swinging
Batting: RHB Kumanosuke Abe 0-0: Ball
1-0: Ball
2-0: Foul Ball, location: 2F
2-1: Ground out U3 (Groundball, 34)
Batting: LHB Guillermo Arellano 0-0: Swinging Strike
0-1: Foul Ball, location: 2F
0-2: Foul Ball, location: 2F
0-2: DOUBLE (Flyball, 89XD)
Batting: RHB Rubén Marino 0-0: Swinging Strike
0-1: Swinging Strike
0-2: Foul Ball, location: 2F
0-2: Ball
1-2: Strikes out looking
Top of the 9th over - 0 runs, 1 hit, 0 errors, 1 left on base; Houston 0 - New Amsterdam 4
Tuesday, December 19th, 2017 - OOTP Baseball 18.8 Build 76